 Dungeon Crawl Stone Soup version 0.31-a0-472-g43a2ca8e1b (webtiles) character file.

Game seed: 792767942450928785

176699 bdfhjk the Devastator (level 18, -6/124 HPs)
             Began as an Octopode Conjurer on Aug 5, 2023.
             Was an Initiate of Gozag.
             Mangled by a spark wasp (15 damage)
             ... on level 2 of the Spider Nest on Aug 6, 2023.
             The game lasted 02:31:32 (40178 turns).

bdfhjk the Devastator (Octopode Conjurer)          Turns: 40178, Time: 02:31:32

Health: -6/124     AC: 17    Str:  6    XL:     18   Next: 14%
Magic:  34/48      EV:  8    Int: 39    God:    Gozag
Gold:   1124       SH:  0    Dex: 12    Spells: 25/51 levels left

rFire   . . .        B - staff of conjuration
rCold   . . .        (no shield)
rNeg    . . .        (helmet restricted)
rPois   .            y - amulet of magic regeneration
rElec   .            v - +4 ring of protection
rCorr   .            p - ring of magical power
SInv    .            i - +4 ring of protection
Will    +....        V - +6 ring of intelligence
Stlth   +++++        Y - +6 ring of intelligence
HPRegen 0.40/turn    k - ring of wizardry
MPRegen 0.71/turn    q - +4 ring of protection
                     X - +4 ring of protection

%: wizardry (x1)
@: held
A: almost no armour, amphibious, 8 rings, camouflage 1, gelatinous body 1,
(nimble swimmer 1), tentacles, tentacle spike 1, sense surroundings 1, wild
magic 1
a: Renounce Religion, Potion Petition, Call Merchant, Bribe Branch


You were on level 2 of the Spider Nest.
You worshipped Gozag.
Gozag was most pleased with you.
You visited 6 branches of the dungeon, and saw 29 of its levels.
You visited the Abyss 1 time.
You also visited: Volcano.

You collected 9017 gold pieces.
You spent 4427 gold pieces at shops.
You paid 3466 gold pieces to Gozag.

Inventory:

Missiles
 F - 4 throwing nets
Magical Staves
 B - a staff of conjuration (weapon)
Jewellery
 d - a ring of see invisible
 i - a +4 ring of protection (on tentacle)
 k - a ring of wizardry (on tentacle)
 p - a ring of magical power (right tentacle)
 q - a +4 ring of protection (on tentacle)
 t - a ring of poison resistance
 v - a +4 ring of protection (left tentacle)
 y - an amulet of magic regeneration (around mantle)
 G - a ring of flight
 I - a +6 ring of intelligence
 Q - a ring of protection from cold
 T - an amulet of guardian spirit
 V - a +6 ring of intelligence (on tentacle)
 W - a +4 ring of protection
 X - a +4 ring of protection (on tentacle)
 Y - a +6 ring of intelligence (on tentacle)
Wands
 f - a wand of polymorph (17)
 m - a wand of flame (42)
 x - a wand of acid (15)
 D - a wand of iceblast (19)
 H - a wand of digging (15)
 O - a wand of charming (17)
Scrolls
 a - a scroll of butterflies
 b - 7 scrolls of enchant armour
 h - 6 scrolls of identify
 j - 4 scrolls of revelation
 l - a scroll of fog
 n - 6 scrolls of teleportation
 s - 2 scrolls of enchant weapon
 E - a scroll of vulnerability
 L - a scroll of amnesia
 M - 2 scrolls of torment
 N - a scroll of silence
 S - 2 scrolls of fear
 U - 2 scrolls of blinking
Potions
 c - 6 potions of brilliance
 e - 2 potions of invisibility
 g - 2 potions of haste
 o - 4 potions of berserk rage
 w - 6 potions of curing
 z - a potion of heal wounds
 A - 4 potions of enlightenment
 J - 3 potions of cancellation
 K - 2 potions of ambrosia
 Z - 2 potions of might


   Skills:
 - Level 11.0 Fighting
 - Level 6.0 Dodging
 - Level 10.0 Stealth
 + Level 17.4 Spellcasting
 + Level 19.0 Conjurations
 - Level 3.0 Hexes
 - Level 5.0 Translocations
 + Level 11.4 Fire Magic
 - Level 2.0 Evocations


You had 25 spell levels left.
You knew the following spells:

 Your Spells              Type           Power      Damage    Failure   Level
a - Magic Dart            Conj           100%       1d8       1%          1
b - Searing Ray           Conj           100%       2d8       1%          2
c - Fulminant Prism       Conj/Hex       62%        3d26      1%          4
d - Iskenderun's Mystic   Conj/Tloc      100%       2d19      1%          4
e - Passage of Golubria   Tloc           76%        N/A       1%          4
f - Conjure Ball Lightni  Conj/Air       59%        3x3d21    1%          6
g - Fireball              Conj/Fire      70%        3d26      1%          5

Your spell library contained the following spells:

 Spells                   Type           Power      Damage    Failure   Level
 Static Discharge         Conj/Air       100%       2-7/arc   1%          2
 Wereblood                Tmut           44%        N/A       1%          2
 Call Canine Familiar     Summ           44%        N/A       1%          3
 Dazzling Flash           Conj/Hex       100%       N/A       1%          3
 Ignite Poison            Fire/Tmut/Pois 70%        N/A       1%          3
 Portal Projectile        Hex/Tloc       100%       N/A       1%          3
 Volatile Blastmotes      Fire/Tloc      100%       2d18      1%          3
 Cause Fear               Hex            32%        N/A       1%          4
 Irradiate                Conj/Tmut      59%        3d31      1%          5
 Leda's Liquefaction      Hex/Erth       28%        N/A       3%          4
 Airstrike                Air            22%        2d(4-20)  5%          4
 Summon Lightning Spire   Summ/Air       44%        N/A       5%          4
 Alistair's Intoxication  Tmut/Pois      29%        N/A       13%         5
 Malign Gateway           Summ/Tloc      31%        N/A       75%         7
 Disjunction              Tloc           38%        N/A       96%         8
 Discord                  Hex            32%        N/A       99%         8
 Summon Horrible Things   Summ           22%        N/A       100%        8
 Dragon's Call            Summ           22%        N/A       100%        9


Dungeon Overview and Level Annotations

Branches:
Dungeon (15/15)            Temple (1/1) D:5            Lair (5/5) D:11
  Swamp (4/4) Lair:3       Spider (2/4) Lair:2        Slime (0/5) Lair:5
    Orc (2/2) D:9             Elf (0/3) Orc:2        Vaults (0/5) D:14
 Depths (0/4) D:15        Volcano (visited)

Altars:
Ashenzari
Cheibriados
Dithmenos
Elyvilon
Fedhas
Gozag
Hepliaklqana
Kikubaaqudgha
Makhleb
Nemelex Xobeh
Okawaru
Qazlal
Ru
Sif Muna
Trog
Uskayaw
Vehumet
Wu Jian
Xom
Yredelemnul
Zin
The Shining One

Shops:
D:4 =*=:(   D:15 =   Orc:1 *   Orc:2 ![(*=*

Annotations:
Swamp:4 Mara
Spider:2 Arachne, Jorgrun


Innate Abilities, Weirdness & Mutations

You cannot wear most types of armour.
You are amphibious.
You can wear up to eight rings at the same time.
Your skin changes colour to match your surroundings (Stealth+).
Your rubbery body absorbs attacks. (AC +1, EV +1)
((You are camouflaged when in or above water. (Stealth+)))
You have tentacles for arms and can constrict up to eight enemies at once.
One of your tentacles bears a spike.
You passively map a small area around you.
Your spells are a little harder to cast, but a little more powerful.


Message History

The stream of webbing hits you but does no damage.
You are caught in a web!
You hear a grinding noise.
There is a web here.
The web tears apart.
The spark wasp misses you.
Arachne's staff shoots out a stream of webbing.
The stream of webbing hits you but does no damage.
You are caught in a web!
The spark wasp stings you!
* * * LOW HITPOINT WARNING * * *
The spark wasp shocks you!
* * * LOW HITPOINT WARNING * * *
You hear a faint skittering sound.
You feel much better.
Arachne points her staff at you, shooting a stream of webbing.
The stream of webbing hits you but does no damage.
You are even more entangled.
The spark wasp stings you but does no damage.
You hear a grinding noise.
An orb spider comes into view.
You feel much better. The spark wasp stings you!!
* * * LOW HITPOINT WARNING * * *
The spark wasp shocks you!
* * * LOW HITPOINT WARNING * * *
The spark wasp completely misses you.
The web tears apart.
The spark wasp stings you.
* * * LOW HITPOINT WARNING * * *
The spark wasp shocks you!
* * * LOW HITPOINT WARNING * * *
Arachne points her staff at you, shooting a stream of webbing.
The stream of webbing hits you but does no damage.
You are caught in a web!
You feel much better. The spark wasp stings you!
* * * LOW HITPOINT WARNING * * *
The spark wasp shocks you!
* * * LOW HITPOINT WARNING * * *
Arachne's staff shoots out a stream of webbing.
The stream of webbing hits you but does no damage.
You are even more entangled.
The spark wasp stings you!
You die...
Your body crumbles into a pile of gold.

..........## $ *,
...........### ** , ,
..#.......#..[ * , $
.....#........# , , , ,
...^......#.#^.# , * *
........#..##..#########
* *
...........#....#......#.
,
#...............^$...!...
##.#......#....#@H.......
,
#.............y.........
#...#.....#..#.....s...^,
,
#.........###....)..#.!.
#######....#...#.<...$..
##.##....##....>.. ,
#####.###*###.#.. ### ##
# ,, * ,


You could see Arachne, a spark wasp and an orb spider.

Vanquished Creatures
  the Lernaean hydra (Swamp:4)
  Nikola (Swamp:3)
  Rupert (D:12)
  A tentacled monstrosity (Swamp:4)
  Frances (Spider:1)
  A thorn hunter (Swamp:4)
  Donald (Swamp:3)
  Aizul (Swamp:2)
  3 ghost moths
  Louise (D:15)
  An orc warlord (Orc:2)
  A quicksilver ooze (shapeshifter) (D:15)
  A broodmother (Spider:2)
  8 eleionomae
  8 bunyips
  2 spark wasps (Spider:2)
  2 entropy weavers
  A peacekeeper (D:14)
  Fannar (Lair:2)
  3 ghost crabs
  2 spriggan air magi (Swamp:3)
  30 hydras
  3 jorogumos
  2 radroaches
  4 two-headed ogres
  2 boulder beetles (D:14)
  4 death yaks
  A death knight (D:14)
  6 alligators
  A tengu warrior (D:15)
  7 centaur warriors
  3 demonic crawlers (Spider:1)
  An orc high priest (Orc:2)
  Urug (Orc:2)
  2 spriggan berserkers (Swamp:3)
  A skyshark (Lair:4)
  A hell knight (Volcano)
  4 goliath frogs
  5 spriggan druids
  2 pharaoh ants (Spider:1)
  3 orb spiders
  11 swamp dragons
  5 bog bodies
  4 orc sorcerers
  9 wolf spiders
  2 orc knights (Orc:2)
  An oklob plant (Lair:3)
  10 ugly things
  2 cyclopes
  8 will-o-the-wisps
  2 moths of wrath
  A manticore (D:15)
  2 centaur zombies (D:15)
  15 cane toads
  7 elephants
  6 black mambas
  A gargoyle (D:14)
  2 torpor snails
  2 centaur skeletons (D:15)
  3 rime drakes
  An efreet (D:13)
  A kobold demonologist (D:10)
  2 unseen horrors
  2 yaktaurs (Volcano)
  12 komodo dragons
  2 tengu conjurers
  2 bloated husks
  3 polar bears (Lair:5)
  6 trolls
  9 tyrant leeches
  6 tarantellas
  10 hornets
  A spectral meliai (D:15)
  19 blink frogs
  2 dream sheep (Lair:5)
  14 slime creatures
  25 spriggans
  2 shadows
  10 jumping spiders
  12 culicivoras
  3 wyverns
  6 wraiths
  43 yaks
  A vampire (D:14)
  7 fire bats (Volcano)
  2 basilisks
  3 steam dragons
  17 vampire mosquitoes
  3 wargs
  33 redbacks
  Menkaure (D:5)
  2 acid dragons
  19 swamp worms
  2 hell hounds (Lair:2)
  15 water moccasins
  3 ice beasts
  26 orc warriors
  7 swamp drakes
  4 black bears
  6 ogres
  4 boggarts (Lair:5)
  37 wolves
  20 centaurs
  2 phantoms
  2 kobold brigands
  13 bullfrogs
  2 gnoll sergeants
  A scorpion (D:5)
  11 wights
  2 troll zombies (D:9)
  A killer bee (D:6)
  5 electric eels
  6 howler monkeys
  6 lava snakes (Volcano)
  3 hounds
  3 jellies
  2 gnoll boudas (D:7)
  21 orc priests
  Crazy Yiuf (D:10)
  6 iguanas
  4 sleepcaps
  30 orc wizards
  12 hell rats
  6 ogre zombies (D:9)
  13 gnolls
  5 adders
  A river rat (D:11)
  2 dart slugs
  87 orcs
  4 ball pythons
  5 bats
  4 endoplasms
  4 giant cockroaches
  6 goblins
  5 hobgoblins
  2 quokkas
  5 frilled lizards
  4 goblin skeletons (D:9)
  5 goblin zombies (D:9)
  A hobgoblin skeleton (D:9)
  4 hobgoblin zombies (D:9)
  14 kobolds
  3 orc skeletons (D:9)
  8 orc zombies (D:9)
  6 rats
950 creatures vanquished.

Vanquished Creatures (others)
  2 bloated husks
  A swamp worm (Swamp:1)
  A gnoll (D:6)
  An orc (Orc:2)
  6 ball lightnings (Spider:2)
  21 foxfires
  85 fulminant prisms
117 creatures vanquished.

Grand Total: 1067 creatures vanquished

Notes
Turn   | Place    | Note
-------+----------+-------------------------------------------
     0 | D:1      | bdfhjk the Octopode Conjurer began the quest for the Orb.
     0 | D:1      | Reached XP level 1. HP: 11/11 MP: 3/3
   377 | D:1      | Reached XP level 2. HP: 17/17 MP: 3/5
  1016 | D:2      | Got Koedevik's Compilation of the Tincture and
                  | Superposition
  1020 | D:2      | Learned a level 2 spell: Searing Ray
  1073 | D:2      | Identified the +3 leather armour of Ru's Regard {Int+6}
  1626 | D:2      | Reached XP level 3. HP: 21/21 MP: 4/6
  2330 | D:3      | You fall into a shaft and drop 2 floors!
  2330 | D:5      | Entered Level 5 of the Dungeon
  2707 | D:3      | Found an ornate altar of the Wu Jian Council.
  2707 | D:3      | Found a stormy altar of Qazlal.
  2777 | D:3      | Identified the +0 leather armour "Kavvog" {Harm rF- Int-4
                  | Stlth+}
  2810 | D:3      | Reached XP level 4. HP: 27/27 MP: 0/8
  3007 | D:3      | Found a broken altar of Ashenzari.
  3089 | D:3      | Found a shadowy altar of Dithmenos.
  3262 | D:4      | Reached skill level 5 in Conjurations
  3275 | D:4      | Reached XP level 5. HP: 21/31 MP: 2/10
  3382 | D:4      | Found an ancient bone altar of Kikubaaqudgha.
  3581 | D:4      | Found a shimmering altar of Xom.
  3632 | D:4      | Found Upyruriz's Assorted Antiques.
  3647 | D:4      | Bought a viscous cyan potion for 23 gold pieces
  3647 | D:4      | Bought a sedimented amethyst potion for 23 gold pieces
  3647 | D:4      | Bought a scroll labelled DOM OXKAUV for 26 gold pieces
  3647 | D:4      | Bought a wand of acid (1) for 109 gold pieces
  3661 | D:4      | Learned a level 4 spell: Fulminant Prism
  4259 | D:4      | Gained mutation: You expend magic power (3 MP) to
                  | strengthen your wands. [potion of mutation]
  4259 | D:4      | Gained mutation: Your body sometimes deteriorates upon
                  | taking damage. [potion of mutation]
  4259 | D:4      | Gained mutation: You are partially covered in iridescent
                  | scales. (AC +2) [potion of mutation]
  4260 | D:4      | Lost mutation: You expend magic power (3 MP) to strengthen
                  | your wands. [potion of mutation]
  4260 | D:4      | Lost mutation: Your body sometimes deteriorates upon taking
                  | damage. [potion of mutation]
  4260 | D:4      | Lost mutation: You are partially covered in iridescent
                  | scales. (AC +2) [potion of mutation]
  4260 | D:4      | Gained mutation: You passively map a small area around you.
                  | [potion of mutation]
  4260 | D:4      | Gained mutation: Your spells are a little harder to cast,
                  | but a little more powerful. [potion of mutation]
  4260 | D:4      | Gained mutation: One of your tentacles bears a spike.
                  | [potion of mutation]
  4308 | D:5      | Noticed an ogre
  4380 | D:5      | Noticed a water moccasin
  4632 | D:5      | Noticed Menkaure
  4634 | D:5      | Found a blossoming altar of Fedhas.
  4637 | D:5      | Killed Menkaure
  4638 | D:5      | Reached skill level 1 in Hexes
  4638 | D:5      | Reached XP level 6. HP: 36/36 MP: 7/12
  4718 | D:5      | Noticed an ice beast
  4782 | D:5      | Killed a water moccasin
  4783 | D:5      | Reached skill level 6 in Conjurations
  4783 | D:5      | Reached XP level 7. HP: 37/41 MP: 8/13
  4843 | D:5      | Found a staircase to the Ecumenical Temple.
  4861 | D:5      | Reached skill level 5 in Spellcasting
  4942 | Temple   | Entered the Ecumenical Temple
  5332 | D:5      | Reached XP level 8. HP: 46/46 MP: 13/16
  5341 | D:5      | Reached skill level 7 in Conjurations
  5492 | D:5      | Learned a level 4 spell: Iskenderun's Mystic Blast
  5605 | D:6      | Reached skill level 1 in Fighting
  5605 | D:6      | Reached skill level 1 in Translocations
  5786 | D:6      | Found an iron altar of Okawaru.
  6428 | D:7      | Reached skill level 5 in Stealth
  6428 | D:7      | Reached XP level 9. HP: 32/55 MP: 7/18
  6745 | D:7      | Found a runed translucent door.
  6746 | D:7      | Noticed Crazy Yiuf
  7217 | D:7      | Learned a level 4 spell: Passage of Golubria
  7224 | D:8      | Reached skill level 8 in Conjurations
  8178 | D:9      | Noticed a two-headed ogre
  8186 | D:9      | Killed a two-headed ogre
  8188 | D:9      | Reached XP level 10. HP: 63/63 MP: 4/21
  8402 | D:9      | Found an opulent altar of Gozag.
  8415 | D:9      | Became a worshipper of Gozag Ym Sagoz the Greedy
  8861 | D:9      | Reached skill level 5 in Translocations
  8868 | D:9      | Learned a level 3 spell: Dazzling Flash
  8921 | D:9      | Identified the amulet "Ufoungin" {Faith rC+ rN++ Str-2
                  | SInv}
  8987 | D:9      | Reached skill level 9 in Conjurations
  9256 | D:9      | Found a staircase to the Orcish Mines.
  9274 | D:9      | Noticed a two-headed ogre
  9628 | D:9      | Learned a level 5 spell: Fireball
  9796 | D:9      | Killed a two-headed ogre
  9797 | D:9      | Reached skill level 1 in Fire Magic
 10220 | D:10     | Entered Level 10 of the Dungeon
 10229 | D:10     | Killed an unseen horror
 10409 | D:10     | Killed Crazy Yiuf
 10795 | D:10     | Found a sacrificial altar of Ru.
 10997 | D:10     | Noticed a kobold demonologist
 10999 | D:10     | Killed a kobold demonologist
 11318 | D:11     | Noticed a cyclops
 11324 | D:11     | Killed a cyclops
 11325 | D:11     | Reached XP level 11. HP: 70/70 MP: 11/23
 11410 | D:11     | Found a shimmering blue altar of Sif Muna.
 11410 | D:11     | Noticed a two-headed ogre
 11419 | D:11     | Killed a two-headed ogre
 11528 | D:11     | Reached skill level 5 in Fighting
 11528 | D:11     | Reached skill level 5 in Dodging
 11801 | D:11     | Noticed a death yak
 11829 | D:11     | Noticed a death yak
 11833 | D:11     | Noticed a death yak
 11864 | D:11     | Killed a death yak
 12016 | D:11     | Killed a death yak
 12017 | D:11     | Reached skill level 10 in Conjurations
 12312 | D:11     | Found a staircase to the Lair.
 12387 | D:11     | Killed a death yak
 12469 | D:11     | Noticed a two-headed ogre
 12476 | D:11     | Killed a two-headed ogre
 12924 | D:4      | Bought a ring of magical power for 360 gold pieces
 13121 | Lair:1   | Entered Level 1 of the Lair of Beasts
 13124 | Lair:1   | Reached skill level 5 in Fire Magic
 13201 | Lair:1   | Reached skill level 11 in Conjurations
 13365 | Lair:1   | Reached XP level 12. HP: 68/77 MP: 12/25
 13389 | Lair:1   | Reached skill level 10 in Spellcasting
 14545 | Lair:1   | Reached skill level 12 in Conjurations
 14841 | Lair:2   | Identified the +3 rapier of Mayhem {holy, rC+ Str+2 Int-3
                  | Stlth+}
 14927 | Lair:2   | Noticed an eight-headed hydra
 14943 | Lair:2   | Killed an eight-headed hydra
 15024 | Lair:2   | Noticed a five-headed hydra
 15029 | Lair:2   | Killed a five-headed hydra
 15209 | Lair:2   | Identified the +2 pair of boots of Mysticism {+Blink rElec
                  | rCorr Str-4}
 15233 | Lair:2   | Reached skill level 13 in Conjurations
 15236 | Lair:2   | Noticed Fannar
 15238 | Lair:2   | Killed Fannar
 15259 | Lair:2   | Reached XP level 13. HP: 64/81 MP: 20/28
 15264 | Lair:2   | Found a dark tunnel.
 15272 | Volcano  | Entered a volcano
 15670 | Volcano  | Found a radiant altar of Vehumet.
 15716 | Volcano  | Found a bloodstained altar of Trog.
 15908 | Lair:2   | You fall into a shaft and drop 1 floor!
 15949 | Lair:3   | Identified the +2 leather armour of Salvation {Will+ Str+3}
 16162 | Lair:3   | Reached skill level 1 in Evocations
 16248 | Lair:3   | Found a snail-covered altar of Cheibriados.
 16692 | D:4      | Bought a ring of see invisible for 270 gold pieces
 16988 | Lair:3   | Found a staircase to the Swamp.
 18087 | Lair:4   | Reached skill level 14 in Conjurations
 18648 | Lair:4   | Reached skill level 10 in Stealth
 19166 | Lair:5   | Entered Level 5 of the Lair of Beasts
 19305 | Lair:5   | Reached XP level 14. HP: 90/90 MP: 17/30
 19764 | Lair:5   | Identified the +3 leather armour of Facukk {+Blink rC+ rN+
                  | Dex+3}
 20536 | Lair:5   | Reached skill level 15 in Conjurations
 20687 | Lair:5   | Found a staircase to the Slime Pits.
 21633 | Orc:1    | Entered Level 1 of the Orcish Mines
 21833 | Orc:1    | Found Geocw's Gadget Gallery.
 22147 | Orc:2    | Entered Level 2 of the Orcish Mines
 22503 | Orc:2    | Found Vybuh Ana's Distillery.
 22511 | Orc:2    | Bought a potion of curing for 45 gold pieces
 22511 | Orc:2    | Bought a potion of berserk rage for 75 gold pieces
 22511 | Orc:2    | Bought a potion of haste for 150 gold pieces
 22636 | Orc:2    | Noticed an orc warlord
 22717 | Orc:2    | Killed an orc warlord
 22919 | Orc:2    | Noticed Urug
 22923 | Orc:2    | Killed Urug
 23013 | Orc:2    | Found Gimevvob's Antique Armour Shop.
 23064 | Orc:2    | Found Namauren's General Store.
 23072 | Orc:2    | Found Qeanoxt's Jewellery Shop.
 23092 | Orc:2    | Found Kaxeora's Antique Weapon Shop.
 23162 | Orc:2    | Bought 2 potions of enlightenment for 160 gold pieces
 23162 | Orc:2    | Bought a wand of acid (2) for 134 gold pieces
 23162 | Orc:2    | Bought a scroll of butterflies for 64 gold pieces
 23178 | Orc:2    | Bought a ring of wizardry for 360 gold pieces
 23372 | Orc:2    | Found a staircase to the Elven Halls.
 23401 | Orc:2    | Found Iggin's Assorted Antiques.
 23409 | Orc:2    | Bought a +4 ring of protection for 1116 gold pieces
 24030 | D:12     | Reached XP level 15. HP: 97/97 MP: 27/33
 24084 | D:12     | Noticed Rupert
 24085 | D:12     | Paralysed by Rupert for 5 turns
 24099 | D:12     | Killed Rupert
 24239 | D:12     | Identified the +0 ring mail of the Journeyman {rC+ Stlth+}
 26392 | D:14     | Found a gate to the Vaults.
 26396 | D:14     | Reached skill level 16 in Conjurations
 26410 | D:14     | Found a gate leading to a gauntlet.
 26564 | D:15     | Entered Level 15 of the Dungeon
 26765 | D:15     | Found a glowing golden altar of the Shining One.
 27302 | D:15     | Identified the +6 sling "Embalmer" {antimagic, Fragile
                  | Str+2 Dex+5}
 27332 | D:15     | Found Deodiney's Jewellery Shoppe.
 27343 | D:15     | Bought a +4 ring of protection for 504 gold pieces
 27343 | D:15     | Bought a +6 ring of intelligence for 504 gold pieces
 27343 | D:15     | Bought a +4 ring of protection for 504 gold pieces
 27420 | D:15     | Noticed Louise
 27593 | Abyss:2  | Cast into level 2 of the Abyss (Louise)
 27656 | D:15     | Escaped the Abyss
 27659 | D:15     | Killed Louise
 27861 | D:15     | Found a staircase to the Depths.
 28334 | D:14     | Reached skill level 15 in Spellcasting
 28560 | D:14     | Found a broken altar of Ashenzari.
 28865 | Lair:2   | Found a shimmering altar of Xom.
 28915 | Swamp:1  | Entered Level 1 of the Swamp
 29020 | Swamp:1  | Reached XP level 16. HP: 108/108 MP: 18/35
 29741 | Swamp:1  | Reached skill level 17 in Conjurations
 30175 | Swamp:1  | Upgraded the game from 0.31-a0-466-g98c9adc2b6 to
                  | 0.31-a0-472-g43a2ca8e1b
 30419 | Swamp:2  | Noticed Aizul
 30424 | Swamp:2  | Killed Aizul
 32135 | Swamp:3  | Noticed Donald
 32138 | Swamp:3  | Killed Donald
 32430 | Swamp:3  | Noticed Nikola
 32436 | Swamp:3  | Killed Nikola
 33111 | Swamp:3  | Reached skill level 18 in Conjurations
 33284 | Swamp:4  | Entered Level 4 of the Swamp
 33468 | Swamp:4  | Reached XP level 17. HP: 89/113 MP: 28/37
 33744 | Swamp:4  | Noticed a tentacled monstrosity
 34603 | Swamp:4  | Killed a tentacled monstrosity
 34724 | Swamp:4  | Noticed the 27-headed Lernaean hydra
 34728 | Swamp:4  | Reached skill level 10 in Fighting
 34728 | Swamp:4  | Reached skill level 10 in Fire Magic
 34732 | Swamp:4  | Killed the 27-headed Lernaean hydra
 35111 | Swamp:4  | Noticed Mara
 35334 | Swamp:4  | Noticed bdfhjk's illusion
 35813 | Lair:2   | Found a hole to the Spider Nest.
 35824 | Spider:1 | Entered Level 1 of the Spider Nest
 36191 | Spider:1 | Noticed Frances
 36195 | Spider:1 | Killed Frances
 37935 | Spider:2 | Noticed Jorgrun
 39234 | Spider:2 | Reached XP level 18. HP: 124/124 MP: 34/39
 39422 | Spider:2 | Reached skill level 19 in Conjurations
 40072 | Spider:2 | Identified a scroll of acquirement
 40077 | Spider:2 | Acquired a book of Chaos
 40086 | Spider:2 | Learned a level 6 spell: Conjure Ball Lightning
 40170 | Spider:2 | Noticed Arachne
 40177 | Spider:2 | HP: 5/124 [spark wasp (12)]
 40178 | Spider:2 | Mangled by a spark wasp

Illustrated notes

Levels and vault maps discovered:
D:1:      kennysheep_arrival_forest, layout_basic, serial_corexii_hall,
          chequers_hall_statues_corner_a, chequers_hall_statues_wall_a
D:2:      layout_basic
D:3:      layout_rooms, nicolae_dithmenos_through_a_glass_darkly,
          gammafunk_temple_overflow_wave,
          mainiacjoe_overflow_concentric_impassable
D:4:      minmay_general_purpose_star, layout_cave_pods, old_standard_altar,
          amcnicky_altar_gilded, serial_shops, nicolae_shop_window_shopping
D:5:      layout_rooms, fedhas_altar_2, minmay_temple_entry_statues_fountains,
          uniq_menkaure
D:6:      layout_rooms, lemuel_doored_altar, kb_lookout_dungeons_type
D:7:      layout_cave_pools, uniq_crazy_yiuf_cottage
D:8:      layout_basic, skrybe_limestone_x
D:9:      layout_roguey, nicolae_gozag_seed_capital, zombieorc2_lemuel
D:10:     layout_roguey, nicolae_ru_path_of_blood
D:11:     layout_roguey, dpeg_lair_monsters, ebering_dispersal_statue_hall,
          nicolae_sif_muna_condensation
D:12:     layout_long_grid, uniq_rupert
D:13:     layout_grid_maze, nicolae_two_hexagons, drop_trap
D:14:     layout_roguey, hellmonk_vaults_order_and_chaos,
          nicolae_ashenzari_skybound, gauntlet_entry_generic
D:15:     hangedman_depths_entry_try_elsewhere_first, layout_small_grid,
          tso_altar, hangedman_weighted_door, minmay_shop_enchanted_jewellery,
          uniq_louise
Temple:   chequers_temple_sunken
Lair:1:   layout_regular_city
Lair:2:   nzn_winding_woodlands_large [nzn_winding_woodlands_5x5_perimeter,
          nzn_winding_woodlands_5x15_zeroes, nzn_winding_woodlands_5x5_default,
          nzn_winding_woodlands_center_diamonds,
          nzn_winding_woodlands_15x15_eel_pit,
          nzn_winding_woodlands_center_lodge, nzn_winding_woodlands_5x5_cross,
          nzn_winding_woodlands_5x15_split_checker,
          nzn_winding_woodlands_hourglass], layout_concentric_octagons,
          spider_nest_entry_webs, basic_altar, enter_volcano_3, uniq_fannar
Lair:3:   layout_cave_pods, minmay_swamp_entry_worms, lemuel_oklob_altar,
          infiniplex_staircase_pool
Lair:4:   layout_cave_pods, serial_bayou_shore_a, grunt_megastairs_1
Lair:5:   minmay_lair_end_enchanted_forest, layout_loops_ring,
          nicolae_slime_entry_field_trip
Swamp:1:  layout_basic_swamp, evilmike_swamp_ruin_rubble_1
Swamp:2:  layout_basic_swamp, evilmike_swamp_ruin_house_2, swamp_pool4,
          uniq_aizul
Swamp:3:  nicolae_swamp_secret_spriggan_hideout, layout_basic_swamp,
          nicolae_swamp_some_circles, swamp_pool4, infiniplex_staircase_pool_2,
          uniq_donald, uniq_nikola
Swamp:4:  swamp, layout_basic_swamp, swamp_pool3, grunt_ruined_hall, uniq_mara
Spider:1: layout_chambers, uniq_frances
Spider:2: nicolae_spider_hilbert_zone_7 [nicolae_spider_hilbert_4_sides_1_open,
          nicolae_spider_hilbert_4_sides_1_open,
          nicolae_spider_hilbert_4_sides_1_open,
          nicolae_spider_hilbert_4_sides_1_open,
          nicolae_spider_hilbert_3_sides_1_open,
          nicolae_spider_hilbert_3_sides_1_open,
          nicolae_spider_hilbert_3_sides_1_open,
          nicolae_spider_hilbert_3_sides_1_open,
          nicolae_spider_hilbert_4_sides_1_open,
          nicolae_spider_hilbert_4_sides_1_open,
          nicolae_spider_hilbert_4_sides_1_open,
          nicolae_spider_hilbert_2_sides_1_open,
          nicolae_spider_hilbert_2_sides_1_open,
          nicolae_spider_hilbert_2_sides_1_open,
          nicolae_spider_hilbert_2_sides_1_open,
          nicolae_spider_hilbert_2_sides_1_open,
          nicolae_spider_hilbert_2_sides_1_open], uniq_jorgrun, uniq_roxanne,
          uniq_arachne
Orc:1:    layout_caves, serial_shops, nicolae_shop_rolling_square,
          nicolae_shop_gadgets
Orc:2:    grunt_orc_cross, layout_diamond_mine, basic_altar, serial_shops, shop,
          shop, minmay_orc_temple_b

Skill      XL: |  1  2  3  4  5  6  7  8  9 10 11 12 13 14 15 16 17 18 |
---------------+-------------------------------------------------------+-----
Stealth        | 3 5 7 8 9 10 | 10.0
Spellcasting   | 3 4 5 6 7 8 9 11 12 14 15 16 17 | 17.4
Conjurations   | 5 6 7 8 9 11 13 14 15 16 18 19 | 19.0
Hexes          | 1 2 3 |  3.0
Fighting       | 2 3 4 5 6 7 9 11 | 11.0
Translocations | 2 4 5 |  5.0
Dodging        | 3 4 5 6 |  6.0
Fire Magic     | 2 5 6 7 9 11 | 11.4
Evocations     | 2 |  2.0

Action                     |  1- 3 |  4- 6 |  7- 9 | 10-12 | 13-15 | 16-18 || total
---------------------------+-------+-------+-------+-------+-------+-------++-------
  Melee: Quarterstaff      |     4 |       |       |       |       |       ||     4
         Tentacles         |     1 |     1 |    14 |       |     2 |       ||    18
         Constrict         |     1 |     1 |     9 |     1 |     1 |       ||    13
         Dagger            |       |     1 |       |       |       |       ||     1
         Staff             |       |     2 |    31 |     5 |     7 |     2 ||    47
         Kick              |       |     1 |    18 |     2 |     3 |       ||    24
         Punch             |       |       |     1 |       |       |       ||     1
   Cast: Magic Dart        |    70 |    35 |   120 |   155 |    43 |       ||   423
         Searing Ray       |       |    10 |    29 |    23 |    23 |       ||    85
         Fulminant Prism   |       |       |    18 |    47 |    17 |     4 ||    86
         Iskenderun's Myst |       |       |     9 |    38 |    32 |    54 ||   133
         Passage of Golubr |       |       |     3 |     4 |       |     1 ||     8
         Fireball          |       |       |       |    90 |   466 |   351 ||   907
         Dazzling Flash    |       |       |       |     1 |       |       ||     1
         Conjure Ball Ligh |       |       |       |       |       |     2 ||     2
 Invoke: Call Merchant     |       |       |       |     1 |     1 |     2 ||     4
  Evoke: Wand              |       |       |     1 |     2 |       |       ||     3
    Use: Scroll            |       |     5 |     3 |    13 |     4 |     4 ||    29
         Potion            |       |     6 |     1 |     3 |     3 |     9 ||    22
 Armour: Skin              |       |     2 |    18 |     6 |     9 |    49 ||    84
  Dodge: Dodged            |     9 |    14 |    46 |    36 |    50 |    60 ||   215

Table legend: (Time is in decaauts)
 A = Elapsed time spent in this place.
 B = Non-inter-level travel time spent in this place.
 C = Inter-level travel time spent in this place.
 D = Time resting spent in this place.
 E = Time spent auto-exploring this place.
 F = Levels seen in this place.
 G = Mean time per level.
                   A        B        C        D        E       F      G
               +--------+--------+--------+--------+--------+-----+--------+
         Total |  40257 |  34248 |   6009 |   7928 |  21574 |  31 | 1298.6 |
       Dungeon |  19779 |  15926 |   3853 |   3261 |  10572 |  15 | 1318.6 |
        Temple |     88 |      5 |     83 |      0 |      0 |   1 |   88.0 |
          Lair |   8391 |   7215 |   1176 |   1246 |   4950 |   5 | 1678.2 |
         Swamp |   5803 |   5169 |    634 |   1940 |   2566 |   4 | 1450.8 |
   Spider Nest |   3293 |   3157 |    136 |    829 |   1998 |   2 | 1646.5 |
  Orcish Mines |   2321 |   2195 |    126 |    465 |   1399 |   2 | 1160.5 |
         Abyss |     62 |     62 |      0 |      0 |     36 |   1 |   62.0 |
       Volcano |    517 |    517 |      0 |    187 |     53 |   1 |  517.0 |
               +--------+--------+--------+--------+--------+-----+--------+

Top non-repeatable levels by time:
 Swamp:3: 3376 daAuts
Spider:1: 2853 daAuts
    D:11: 2232 daAuts
     D:9: 2172 daAuts
     D:4: 2003 daAuts
  Lair:5: 1916 daAuts
  Lair:3: 1904 daAuts
  Lair:1: 1848 daAuts
   Orc:2: 1649 daAuts
    D:15: 1488 daAuts
    D:10: 1468 daAuts
  Lair:2: 1468 daAuts
    D:13: 1410 daAuts
     D:7: 1272 daAuts
  Lair:4: 1253 daAuts
